 Dungeon Crawl Stone Soup version 0.30-a0-718-geaa24f58ff (webtiles) character file.

Game seed: 6570182246007922539

394 hikkokomori the Cutter (level 6, 0/33 HPs)
             Began as a Vine Stalker Gladiator on Jan 26, 2023.
             Was an Initiate of Okawaru.
             Slain by Pikel
             ... wielding a +1 whip of electrocution
              (4 damage)
             ... on level 4 of the Dungeon.
             The game lasted 00:04:14 (2152 turns).

hikkokomori the Cutter (Vine Stalker Gladiator)     Turns: 2152, Time: 00:04:14

Health: 0/33       AC:  5    Str: 17    XL:     6   Next: 81%
Magic:  0/7        EV: 13    Int:  8    God:    Okawaru [......]
Gold:   176        SH:  5    Dex: 17    Spells: 5/5 levels left

rFire   . . .      SeeInvis .    g - +0 short sword (drain)
rCold   . . .      Faith    .    (no shield)
rNeg    . . .      Spirit   +    b - +0 leather armour
rPois   .          Reflect  +    c - +1 helmet
rElec   .          Harm     .    (no cloak)
rCorr   .          Rampage  .    (no gloves)
Will    .....                    (no boots)
Stlth   +                        f - amulet of reflection
HPRegen 1.05/turn                (no ring)
MPRegen 0.10/turn                (no ring)

@: no status effects
A: fangs 2, regeneration 1, magic shield, antimagic bite, no potion heal 2
a: Renounce Religion


You were on level 4 of the Dungeon.
You worshipped Okawaru.
Okawaru was noncommittal.
You visited 1 branch of the dungeon, and saw 4 of its levels.

You collected 176 gold pieces.

Inventory:

Hand Weapons
 a - a +0 rapier of protection
 g - a +0 short sword of draining (weapon)
 j - a +1 dagger of electrocution
Missiles
 d - 3 throwing nets (quivered)
 e - a javelin
Armour
 b - a +0 leather armour (worn)
 c - a +1 helmet (worn)
 k - a +0 kite shield
Jewellery
 f - an amulet of reflection (around neck)
Wands
 m - a wand of digging (6)
Scrolls
 h - a scroll of enchant armour
 o - a scroll of poison
Potions
 i - 2 potions of curing
 l - a potion of resistance {unknown}
 q - a potion of degeneration {unknown}


   Skills:
 + Level 3.9 Fighting
 + Level 4.4 Short Blades
 - Level 1.7 Throwing
 + Level 4.0 Dodging


You had 5 spell levels left.
You didn't know any spells.
Your spell library was empty.

Dungeon Overview and Level Annotations

Branches:
Dungeon (4/15)
 Temple: D:4-7

Altars:
Nemelex Xobeh
Okawaru
Uskayaw

Annotations:
D:4 Pikel


Innate Abilities, Weirdness & Mutations

You have extremely sharp teeth.
Your natural rate of healing is unusually fast.
When hurt, damage is shared between your health and your magic reserves.
Your bite disrupts and absorbs the magic of your enemies.
Potions cannot restore your health.


Message History

You hit the lemure. You bite the lemure, but do no damage.
The lemure is severely wounded.
You block the orc's attack. You block the lemure's attack.
You hit the lemure. You bite the lemure. You drain its power.
The lemure is almost dead.
The orc barely misses you. The lemure hits you.
You hit the lemure but do no damage.
The lemure is almost dead.
You hit the lemure.
You kill the lemure!
That felt strangely unrewarding.
The orc hits you with a +0 dagger. The orc hits you but does no damage.
Things that are here:
a +0 club; a goblin corpse You hit the orc but do no damage.
You bite the orc. You drain its power.
The orc is heavily wounded.
The orc closely misses you.
You completely miss the orc.
The orc is heavily wounded.
The orc barely misses you.
You hit the orc but do no damage. You drain the orc.
You kill the orc!
Okawaru accepts your kill.
You swing at nothing.
You barely miss the lemure. Your bite misses the lemure.
You hit something but do no damage. The lemure hits you! Something hits you.
The lemure attacks as you move away! You block the lemure's attack.
You see here a hobgoblin corpse.
As you read the scroll labelled ZIJEOSH ZOHE, it crumbles to dust.
The creatures around you are filled with an inner flame!
It was a scroll of immolation.
Something barely misses you. The lemure misses you. Something hits you.
You are electrocuted!
It was a potion of curing.
That felt strangely inert.
Something hits you.
You are electrocuted!
* * * LOW HITPOINT WARNING * * *
The lemure misses you.
Okay, then.
You hit something but do no damage. Something hits you.
You die...

#..............>#
#......5.......##
##########.......##5....# ##
........##.......##o....## ..#..
........###########......# ....
................).#......+ ...
................5)).....#######..
..............)5†##.....##...##..
................@#########...##..
........##.......##..............
#.......###########..............
#.......##........#.....##...##..
..................#.....#######..
..................#......#......<
...)).............#......#.......
..................#......+.......
###))...##...)##'####'####...####


You could see 2 lemures.

Vanquished Creatures
  Sigmund (D:2)
  An ogre (D:4)
  A lemure (D:4)
  Robin (D:4)
  3 adders (D:2)
  2 dart slugs
  9 orcs
  5 ball pythons
  5 endoplasms
  7 giant cockroaches
  9 hobgoblins
  8 jackals
  3 quokkas
  9 bats
  5 frilled lizards
  13 goblins
  7 kobolds
  5 rats
94 creatures vanquished.

Notes
Turn   | Place    | Note
-------+----------+-------------------------------------------
     0 | D:1      | hikkokomori the Vine Stalker Gladiator began the quest for
                  | the Orb.
     0 | D:1      | Reached XP level 1. HP: 11/11 MP: 2/2
   183 | D:1      | Reached XP level 2. HP: 15/15 MP: 3/3
   545 | D:1      | Reached XP level 3. HP: 17/17 MP: 4/4
   824 | D:2      | Found a faded altar of an unknown god.
   853 | D:2      | Found a sparkling altar of Nemelex Xobeh.
   960 | D:2      | Gained mutation: Your natural rate of healing is unusually
                  | fast. [Vine Stalker growth]
   960 | D:2      | Reached XP level 4. HP: 20/23 MP: 5/5
  1156 | D:2      | Noticed Sigmund
  1173 | D:2      | Killed Sigmund
  1174 | D:2      | Reached XP level 5. HP: 13/28 MP: 2/6
  1174 | D:2      | Reached XP level 6. HP: 15/32 MP: 2/7
  1468 | D:3      | Found a hide-covered altar of Uskayaw.
  1706 | D:3      | Found an iron altar of Okawaru.
  1746 | D:3      | Became a worshipper of Warmaster Okawaru
  2028 | D:4      | Noticed Robin
  2057 | D:4      | Killed Robin
  2105 | D:4      | Noticed Pikel
  2152 | D:4      | Slain by Pikel

Illustrated notes

Levels and vault maps discovered:
D:1:      giann_wishing_wells, layout_loops_cross, hangedman_feature_mirror
D:2:      layout_basic, basic_altar, hellmonk_ecumenical_altar_arch_garden,
          uniq_sigmund
D:3:      layout_rooms, mainiacjoe_overflow_six_doors_small,
          nicolae_uskayaw_dance_hall, serial_bayou_pond_e, grunt_ministairs_13,
          minmay_misc_feat_doors
D:4:      layout_gridville, uniq_robin, uniq_pikel

Skill      XL: |  1  2  3  4  5  6 |
---------------+-------------------+-----
Fighting       | 2 3 |  3.9
Short Blades   | 3 4 |  4.4
Dodging        | 3 4 |  4.0
Throwing       | |  1.7

Action                     |  1- 3 |  4- 6 || total
---------------------------+-------+-------++-------
  Melee: Rapier            |    29 |       ||    29
         Bite              |    26 |    48 ||    74
         Short sword       |    77 |   151 ||   228
         Punch             |       |     1 ||     1
  Throw: Javelin           |       |     1 ||     1
    Use: Scroll            |       |     5 ||     5
         Potion            |       |     1 ||     1
   Stab: Sleeping          |     1 |     1 ||     2
 Armour: Leather armour    |    44 |    33 ||    77
  Dodge: Dodged            |    80 |   100 ||   180
  Block: Other             |       |    27 ||    27

Table legend: (Time is in decaauts)
 A = Elapsed time spent in this place.
 B = Non-inter-level travel time spent in this place.
 C = Inter-level travel time spent in this place.
 D = Time resting spent in this place.
 E = Time spent auto-exploring this place.
 F = Levels seen in this place.
 G = Mean time per level.
                   A        B        C        D        E       F      G
               +--------+--------+--------+--------+--------+-----+--------+
         Total |   2111 |   2062 |     49 |      0 |   1549 |   4 |  527.8 |
       Dungeon |   2111 |   2062 |     49 |      0 |   1549 |   4 |  527.8 |
               +--------+--------+--------+--------+--------+-----+--------+

Top non-repeatable levels by time:
     D:1: 804 daAuts
     D:2: 526 daAuts
     D:3: 515 daAuts
     D:4: 263 daAuts
